 Dungeon Crawl Stone Soup version 0.30-a0-341-g6827065 (webtiles) character file.

Game seed: 2434819461055000808

21477 Dorkslayer the Carver (level 13, -4/99 HPs)
             Began as a Human Fighter on Nov 1, 2022.
             Was an Initiate of Gozag.
             Slain by an orc knight
             ... wielding a +1 bardiche of venom
              (7 damage)
             ... on level 1 of the Orcish Mines.
             The game lasted 00:40:12 (13362 turns).

Dorkslayer the Carver (Human Fighter)              Turns: 13362, Time: 00:40:14

Health: -4/99      AC: 25    Str: 23    XL:     13   Next: 20%
Magic:  13/13      EV:  6    Int: 10    God:    Gozag
Gold:   2707       SH: 13    Dex: 16    Spells: 12/12 levels left

rFire   + + +      SeeInvis +    E - +4 scimitar
rCold   + . .      Faith    .    u - +2 kite shield
rNeg    . . .      Spirit   .    e - +0 plate armour
rPois   +          Reflect  .    m - +2 helmet {rF+}
rElec   +          Harm     .    i - +1 cloak
rCorr   +          Rampage  .    g - +2 pair of gloves {rF+}
Will    .....                    h - +0 pair of boots
Stlth   ..........               (no amulet)
HPRegen 0.36/turn                n - ring of see invisible
MPRegen 0.13/turn                L - +6 ring of strength

@: lethally poisoned (-4 -> -7), resistant, flying
A: iridescent scales 1
a: Renounce Religion, Potion Petition, Call Merchant, Bribe Branch


You were on level 1 of the Orcish Mines.
You worshipped Gozag.
Gozag was most pleased with you.
You visited 3 branches of the dungeon, and saw 14 of its levels.

You collected 3218 gold pieces.
You spent 396 gold pieces at shops.
You paid 115 gold pieces to Gozag.

Inventory:

Hand Weapons
 d - the +6 war axe of Irchoc {freeze, rCorr Int+3}
   (You found it on level 11 of the Dungeon)

   It freezes those it strikes, dealing additional cold damage.
   It can also slow down cold-blooded creatures.
   Int:       It affects your intelligence (+3).
   rCorr:     It protects you from acid and corrosion.
 f - a +2 long sword of holy wrath
 k - a +1 scimitar of flaming
 E - a +4 scimitar (weapon)
Missiles
 y - 2 silver boomerangs
 C - 17 boomerangs (quivered)
 K - 2 silver javelins
Armour
 e - a +0 plate armour (worn)
 g - a +2 pair of gloves of fire resistance (worn)
 h - a +0 pair of boots (worn)
 i - a +1 cloak (worn)
 m - a +2 helmet of fire resistance (worn)
 u - a +2 kite shield (worn)
 G - the +2 hat of the Bear Spirit {Spirit, *Rage Will++}
   (You found it on level 6 of the Dungeon)

   Going berserk makes the wearer tougher, and they're slowed less afterward.
   *Rage:     It berserks you when you make melee attacks (+20% chance).
   Will:      It greatly increases your willpower.
Jewellery
 b - a ring of resist corrosion
 n - a ring of see invisible (left hand)
 p - a ring of protection from cold
 L - a +6 ring of strength (right hand)
Wands
 o - a wand of polymorph (4)
 v - a wand of flame (38)
 H - a wand of roots (5)
Scrolls
 j - 2 scrolls of amnesia
 l - 8 scrolls of teleportation
 r - 2 scrolls of magic mapping
 s - 2 scrolls of fear
 w - 2 scrolls of immolation
 I - 2 scrolls of poison
Potions
 q - a potion of berserk rage {unknown}
 x - a potion of flight
 z - a potion of lignification {unknown}
 A - 2 potions of brilliance
 B - 2 potions of resistance


   Skills:
 * Level 8.7 Fighting
 * Level 13.4 Long Blades
 * Level 2.7 Axes
 + Level 3.2 Throwing
 + Level 7.8 Armour
 + Level 2.6 Dodging
 + Level 4.7 Stealth
 + Level 7.2 Shields
 * Level 8.1 Evocations


You had 12 spell levels left.
You didn't know any spells.
Your spell library contained the following spells:

 Spells                   Type           Power      Damage    Failure   Level
 Apportation              Tloc           0%         N/A       100%        1
 Necrotise                Necr           0%         1d4       100%        1
 Sting                    Tmut/Pois      0%         1d3       100%        1
 Summon Small Mammal      Summ           0%         N/A       100%        1
 Poisonous Vapours        Pois/Air       0%         N/A       100%        2
 Call Canine Familiar     Summ           0%         N/A       100%        3
 Gell's Gravitas          Tloc           0%         N/A       100%        3
 Ignite Poison            Fire/Tmut/Pois 0%         N/A       100%        3
 Kindle Blastsparks       Fire/Tloc/Air  0%         2d10      100%        3
 Lesser Beckoning         Tloc           0%         N/A       100%        3
 Summon Guardian Golem    Hex/Summ       0%         N/A       100%        3
 Teleport Other           Tloc           0%         N/A       100%        3
 Olgreb's Toxic Radiance  Pois           0%         N/A       100%        4
 Freezing Cloud           Conj/Ice/Air   0%         6-21      100%        5
 Summon Forest            Summ/Tloc      0%         N/A       100%        5
 Eringya's Noxious Bog    Tmut/Pois      0%         N/A       100%        6
 Summon Hydra             Summ           0%         N/A       100%        7
 Borgnjor's Revivificati  Necr           0%         N/A       100%        8
 Necromutation            Tmut/Necr      0%         N/A       100%        8
 Death's Door             Necr           0%         N/A       100%        9


Dungeon Overview and Level Annotations

Branches:
Dungeon (11/15)            Temple (1/1) D:5            Lair (0/5) D:9
    Orc (2/2) D:11            Elf (0/3) Orc:2

Altars:
Dithmenos
Elyvilon
Fedhas
Gozag
Makhleb
Okawaru
Qazlal
Sif Muna
Xom
Zin
The Shining One

Shops:
D:1 (   D:4 *   Orc:2 (

Annotations:
D:8 1 transporter


Innate Abilities, Weirdness & Mutations

You are partially covered in iridescent scales. (AC +2)


Message History

* * * LOW HITPOINT WARNING * * *
You feel extremely sick.
The orc knight hits you but does no damage.
You are more poisoned.
You hit the orc knight.
The orc knight is moderately wounded.
* * * LOW HITPOINT WARNING * * *
You feel extremely sick. You block the orc knight's attack.
You feel better.
The orc knight hits you with a +1 bardiche of venom!
* * * LOW HITPOINT WARNING * * *
You are lethally poisoned!
Okay, then.
You slash the orc knight!
The orc knight is heavily wounded.
* * * LOW HITPOINT WARNING * * *
You feel very sick.
You slash the orc knight!
The orc knight is heavily wounded.
* * * LOW HITPOINT WARNING * * *
You feel very sick. You block the orc knight's attack.
It was a potion of flight.
You feel very buoyant.
You fly up into the air.
* * * LOW HITPOINT WARNING * * *
You feel sick. You block the orc knight's attack.
It was a potion of resistance.
You feel protected.
* * * LOW HITPOINT WARNING * * *
You feel sick.
The orc knight hits you but does no damage.
You hit the orc knight but do no damage.
The orc knight is heavily wounded.
* * * LOW HITPOINT WARNING * * *
You feel sick.
The orc knight hits you with a +1 bardiche of venom!
You die...
Your body crumbles into a pile of gold.

##.......#...........
#####........####...
#.........# #...
###.....#.# ##..
####....### #.#
###.........## ###
##.#..........#
#.[[o[[<.....####
###[@[..##.......##
##...)[[.##........##
#.......####.....##.#
##......#.##......###
###.....###.....##
#............##
###.#.....).##
####......# #.#.....#


You could see an orc knight.

Vanquished Creatures
  An orc warlord (Orc:1)
  A centaur warrior (D:11)
  4 two-headed ogres
  2 orc high priests
  Pikel (D:7)
  2 orc knights (Orc:1)
  An orc sorcerer (Orc:2)
  2 cyclopes (D:11)
  A wolf spider (D:11)
  A manticore (D:11)
  An ugly thing (D:11)
  Joseph (D:9)
  2 gargoyles
  An unseen horror (D:11)
  An efreet (D:11)
  7 trolls
  A hornet (D:8)
  Prince Ribbit (D:5)
  Grinder (D:6)
  9 yaks
  2 vampires (D:11)
  2 wyverns
  Grum (D:9)
  4 wargs
  3 acid dragons
  2 water moccasins
  A sky beast (D:8)
  3 ice beasts
  24 orc warriors
  A black bear (D:5)
  An ogre (D:6)
  4 wolves (D:9)
  4 centaurs
  A phantom (D:6)
  A kobold brigand (D:9)
  2 bullfrogs
  A gnoll sergeant (D:5)
  3 necrophages
  A scorpion (D:5)
  12 wights
  10 howler monkeys
  2 lava snakes (D:9)
  Crazy Yiuf (D:3)
  8 hounds
  5 jellies
  13 orc priests
  3 iguanas
  18 orc wizards
  A gnoll (D:7)
  6 adders
  A white imp (D:5)
  2 ufetubi
  2 worms
  2 dart slugs
  67 orcs
  An endoplasm (D:2)
  2 giant cockroaches
  6 goblins
  12 hobgoblins
  4 jackals (D:1)
  7 quokkas
  5 ball pythons
  4 bats
  5 frilled lizards
  14 kobolds
  4 rats
319 creatures vanquished.

Vanquished Creatures (others)
  11 plants
11 creatures vanquished.

Grand Total: 330 creatures vanquished

Notes
Turn   | Place    | Note
-------+----------+-------------------------------------------
     0 | D:1      | Dorkslayer the Human Fighter began the quest for the Orb.
     0 | D:1      | Reached XP level 1. HP: 18/18 MP: 1/1
     2 | D:1      | Noticed a demigod
     2 | D:1      | Noticed a tengu
     4 | D:1      | Noticed a draconian
     4 | D:1      | Noticed an armataur
     6 | D:1      | Noticed a troll
     8 | D:1      | Noticed an ogre
     8 | D:1      | Noticed a merfolk
    10 | D:1      | Noticed a vine stalker
    12 | D:1      | Noticed a human
    12 | D:1      | Noticed a gargoyle
    14 | D:1      | Noticed a naga
    14 | D:1      | Noticed a demonspawn
    16 | D:1      | Noticed a formicid
    16 | D:1      | Noticed a meteoran
    18 | D:1      | Noticed an octopode
    20 | D:1      | Noticed a minotaur
    20 | D:1      | Noticed a felid
    22 | D:1      | Noticed a vampire
    22 | D:1      | Noticed a spriggan
    25 | D:1      | Noticed a demonspawn
    25 | D:1      | Noticed a ghoul
    27 | D:1      | Noticed a tengu
   229 | D:1      | Reached XP level 2. HP: 24/24 MP: 2/2
   416 | D:1      | Found Apadghik's Weapon Emporium.
   653 | D:1      | Reached XP level 3. HP: 29/29 MP: 3/3
   662 | D:1      | Found a faded altar of an unknown god.
  1196 | D:2      | Reached XP level 4. HP: 35/35 MP: 4/4
  1245 | D:2      | Reached skill level 3 in Long Blades
  1673 | D:3      | Found a burning altar of Makhleb.
  1750 | D:3      | Found a runed translucent door.
  1751 | D:3      | Noticed Crazy Yiuf
  1758 | D:3      | Killed Crazy Yiuf
  1759 | D:3      | Reached skill level 1 in Dodging
  1759 | D:3      | Reached XP level 5. HP: 19/41 MP: 5/5
  2256 | D:4      | Found Refriose's Fire Supplies.
  2832 | D:5      | Entered Level 5 of the Dungeon
  2834 | D:5      | Noticed a black bear
  2837 | D:5      | Killed a black bear
  2838 | D:5      | Reached skill level 4 in Long Blades
  2838 | D:5      | Reached skill level 1 in Evocations
  2838 | D:5      | Reached XP level 6. HP: 48/48 MP: 6/6
  2917 | D:5      | Found a staircase to the Ecumenical Temple.
  2924 | D:5      | Reached XP level 7. HP: 53/53 MP: 7/7
  2936 | Temple   | Entered the Ecumenical Temple
  2943 | Temple   | Became a worshipper of Gozag Ym Sagoz the Greedy
  2983 | D:5      | Reached skill level 5 in Long Blades
  3213 | D:5      | Noticed Prince Ribbit
  3255 | D:5      | Killed Prince Ribbit
  3256 | D:5      | Reached skill level 6 in Long Blades
  3256 | D:5      | Reached skill level 1 in Throwing
  3256 | D:5      | Reached XP level 8. HP: 42/61 MP: 8/8
  3845 | D:6      | Noticed a wyvern
  3853 | D:6      | Killed a wyvern
  3949 | D:6      | Reached skill level 7 in Long Blades
  3980 | D:6      | Reached skill level 5 in Armour
  3980 | D:6      | Reached XP level 9. HP: 45/67 MP: 9/9
  4021 | D:6      | Reached skill level 5 in Fighting
  4224 | D:6      | Reached skill level 8 in Long Blades
  4285 | D:6      | Found a shimmering altar of Xom.
  4289 | D:6      | Found the +2 hat of the Bear Spirit {Spirit, *Rage Will++}
  4635 | D:6      | Noticed Grinder
  4643 | D:6      | Killed Grinder
  4966 | D:7      | Noticed Pikel
  4994 | D:7      | Killed Pikel
  4995 | D:7      | Reached skill level 9 in Long Blades
  4995 | D:7      | Reached skill level 1 in Stealth
  4995 | D:7      | Reached XP level 10. HP: 34/76 MP: 3/10
  5015 | D:7      | Reached skill level 5 in Evocations
  5348 | D:7      | Reached skill level 5 in Shields
  5717 | D:7      | Found an iron altar of Okawaru.
  5816 | D:8      | Found a stormy altar of Qazlal.
  5863 | D:8      | Paralysed by a hornet for 2 turns
  5878 | D:8      | Paralysed by a hornet for 3 turns
  6029 | D:8      | Found a blossoming altar of Fedhas.
  6211 | D:8      | Found a shadowy altar of Dithmenos.
  6229 | D:8      | Found a glowing golden altar of the Shining One.
  6327 | D:8      | Found a transporter.
  6332 | D:8      | Found a transporter.
  6332 | D:8      | Noticed an ogre mage
  7111 | D:9      | Noticed Joseph
  7386 | D:4      | Bought a +0 pair of gloves of fire resistance for 138 gold
                  | pieces
  7386 | D:4      | Bought a +2 helmet of fire resistance for 258 gold pieces
  7563 | D:8      | Paralysed by an ogre mage for 5 turns
  8173 | D:9      | Found a staircase to the Lair.
  8399 | D:9      | Reached skill level 10 in Long Blades
  8450 | D:9      | Noticed Grum
  8475 | D:9      | Killed Grum
  8482 | D:9      | Reached XP level 11. HP: 28/83 MP: 11/11
  8816 | D:9      | Killed Joseph
  9584 | D:10     | Entered Level 10 of the Dungeon
  9625 | D:10     | Identified the +8 quarterstaff of True Grit {vorpal, Dex+3}
  9652 | D:10     | Reached skill level 11 in Long Blades
  9703 | D:10     | Noticed a two-headed ogre
  9712 | D:10     | Killed a two-headed ogre
 10553 | D:10     | Found a glowing silver altar of Zin.
 10688 | D:11     | Noticed a cyclops
 10689 | D:11     | Noticed a cyclops
 10691 | D:11     | Noticed a cyan ugly thing
 10691 | D:11     | Noticed a centaur warrior
 10694 | D:11     | Killed a cyan ugly thing
 10696 | D:11     | Noticed a wolf spider
 10697 | D:11     | Killed a two-headed ogre
 10698 | D:11     | Reached XP level 12. HP: 56/91 MP: 12/12
 10702 | D:11     | Killed a centaur warrior
 10703 | D:11     | Reached skill level 12 in Long Blades
 10741 | D:11     | Gained mutation: You are partially covered in iridescent
                  | scales. (AC +2) [potion of mutation]
 11229 | D:11     | Found a staircase to the Orcish Mines.
 11241 | D:11     | Identified the +6 war axe of Irchoc {freeze, rCorr Int+3}
 11560 | D:11     | Noticed a two-headed ogre
 11567 | D:11     | Killed a two-headed ogre
 11785 | Orc:1    | Entered Level 1 of the Orcish Mines
 11869 | Orc:1    | Reached skill level 1 in Axes
 12059 | Orc:2    | Entered Level 2 of the Orcish Mines
 12080 | Orc:2    | Noticed an orc warlord
 12081 | Orc:2    | Noticed a two-headed ogre
 12110 | Orc:1    | Killed an orc warlord
 12126 | Orc:2    | Killed a two-headed ogre
 12127 | Orc:2    | Reached skill level 13 in Long Blades
 12795 | Orc:2    | Noticed an orc high priest
 12809 | Orc:2    | Killed an orc high priest
 12810 | Orc:2    | Reached XP level 13. HP: 67/98 MP: 13/13
 13244 | Orc:2    | Found a staircase to the Elven Halls.
 13277 | Orc:2    | Found Wiveruaq's Weapon Shoppe.
 13362 | Orc:1    | HP: 3/99 [poisoned by an orc knight]
 13362 | Orc:1    | Slain by an orc knight

Illustrated notes

Levels and vault maps discovered:
D:1:      kb_arrival_jail, layout_basic, serial_shops,
          nicolae_shop_behind_doors, hellmonk_ecumenical_altar_heavens_door,
          minmay_vboxes
D:2:      cheibrodos_helix_gallery, layout_loops_ring, serial_bayou_pond_c,
          grunt_ministairs_13, chequers_garden
D:3:      layout_basic, lightli_temple_of_fire, minivault_4,
          uniq_crazy_yiuf_cottage
D:4:      cheibrodos_quashed, layout_basic, chequers_serial_rivers_small_a,
          nicolae_shop_fire_sale [nicolae_sub_dead_trees]
D:5:      kennysheep_spiral_hall, layout_rooms,
          minmay_temple_entry_statues_pillars, fountainhead, uniq_prince_ribbit1
D:6:      layout_basic, xom_confusion_cloud, kennysheep_generic_room_9,
          uniq_grinder
D:7:      layout_basic, okawaru_altar_gauntlet_db, kennysheep_nondescript,
          uniq_pikel
D:8:      gammafunk_beogh_shrine, layout_layer_cave,
          mainiacjoe_overflow_concentric_impassable, jmf_multi_god_temple,
          mainiacjoe_overflow_small_starburst
D:9:      layout_big_octagon, erik_lair_orcish_takeover, uniq_joseph, uniq_grum
D:10:     layout_roguey, zin_scriptorium
D:11:     minmay_bloctagon, layout_loops_ring, david_orc_5
Temple:   nicolae_temple_superstar
Orc:1:    layout_diamond_mine
Orc:2:    st_orc_congregation, layout_diamond_mine, serial_shops, shop

Skill      XL: |  1  2  3  4  5  6  7  8  9 10 11 12 13 |
---------------+----------------------------------------+-----
Long Blades    | 3 4 6 7 9 10 11 13 | 13.4
Dodging        | 1 2 |  2.6
Evocations     | 1 2 3 4 6 7 8 |  8.1
Armour         | 4 5 6 7 |  7.8
Fighting       | 4 5 6 7 8 |  8.7
Throwing       | 1 2 3 |  3.2
Shields        | 4 5 6 7 |  7.2
Stealth        | 1 2 3 4 |  4.7
Axes           | 2 |  2.7

Action                   |  1- 3 |  4- 6 |  7- 9 | 10-12 | 13-15 || total
-------------------------+-------+-------+-------+-------+-------++-------
Melee: Long sword        |   122 |   120 |   218 |   271 |       ||   731
       Unarmed           |       |     1 |       |       |       ||     1
       Scimitar          |       |       |       |   419 |    78 ||   497
Throw: Javelin           |       |     4 |    16 |    11 |       ||    31
       Boomerang         |       |       |    10 |    34 |    17 ||    61
       Throwing net      |       |       |     1 |     2 |       ||     3
Evoke: Wand              |       |       |       |    27 |     2 ||    29
  Use: Potion            |       |     1 |     6 |    14 |     3 ||    24
       Scroll            |       |     6 |       |    15 |       ||    21
 Stab: Distracted        |       |       |     1 |     2 |       ||     3
       Paralysed         |       |       |       |    21 |       ||    21
       Held in net/web   |       |       |       |     3 |       ||     3
       Invisible         |       |       |       |     2 |       ||     2
Armor: Scale mail        |    37 |       |       |       |       ||    37
       Chain mail        |    16 |    88 |   102 |   212 |       ||   418
       Plate armour      |       |       |       |    60 |    38 ||    98
Dodge: Dodged            |    57 |    41 |    61 |   141 |    15 ||   315
Block: Buckler           |    29 |    38 |    17 |       |       ||    84
       Kite shield       |       |       |    78 |   403 |    52 ||   533

Table legend: (Time is in decaauts)
 A = Elapsed time spent in this place.
 B = Non-inter-level travel time spent in this place.
 C = Inter-level travel time spent in this place.
 D = Time resting spent in this place.
 E = Time spent auto-exploring this place.
 F = Levels seen in this place.
 G = Mean time per level.
                   A        B        C        D        E       F      G
               +--------+--------+--------+--------+--------+-----+--------+
         Total |  13511 |  13169 |    342 |   1512 |   6312 |  14 |  965.1 |
       Dungeon |  11957 |  11615 |    342 |    954 |   5966 |  11 | 1087.0 |
        Temple |     14 |     14 |      0 |      0 |      0 |   1 |   14.0 |
  Orcish Mines |   1539 |   1539 |      0 |    557 |    346 |   2 |  769.5 |
               +--------+--------+--------+--------+--------+-----+--------+

Top non-repeatable levels by time:
     D:8: 2045 daAuts
     D:9: 1480 daAuts
    D:10: 1181 daAuts
     D:6: 1166 daAuts
   Orc:1: 1063 daAuts
     D:5: 1015 daAuts
    D:11: 984 daAuts
     D:7: 966 daAuts
     D:1: 858 daAuts
     D:3: 798 daAuts
     D:2: 762 daAuts
     D:4: 697 daAuts
   Orc:2: 475 daAuts
  Temple: 14 daAuts
